 Dungeon Crawl Stone Soup version 0.29.1-4-g47bece8355 (webtiles) character file.

Game seed: 3194721764920177282

12084017 LustLizard the Slayer (level 27, 219/219 HPs)
             Began as an Octopode Transmuter on Dec 6, 2022.
             Was an Initiate of Gozag.
             Escaped with the Orb
             ... and 15 runes on Dec 8, 2022!
             The game lasted 07:40:37 (133738 turns).

LustLizard the Slayer (Octopode Transmuter)       Turns: 133738, Time: 07:40:37

Health: 219/219    AC:  8    Str: 33 (36) XL:     27
Magic:  52/52      EV: 28    Int: 29      God:    Gozag
Gold:   540        SH:  9    Dex: 20      Spells: 16/76 levels left

rFire   + + .      SeeInvis +     - Unarmed
rCold   + . .      Faith    .   S - +2 buckler of the Alphagorgon {Drain Will+++ Str+4 Stlth+}
rNeg    . . .      Spirit   .   Q - +2 hood of the Assassin {Detection Stab+ Stlth++}
rPois   +          Reflect  .   J - amulet of Departure {rElec Regen+ Dex+2}
rElec   +          Harm     .   y - ring of wizardry
rCorr   .          Rampage  .   k - ring of Duphif {rPois rF+ Str+6}
Will    +++++                   R - +4 ring of protection
Stlth   +++++.....              s - +6 ring of strength
HPRegen 1.26/turn               x - ring "Wairgh" {Slay+2 SInv}
MPRegen 0.33/turn               P - ring "Naeklof" {rPois rF+ Str+4 Dex+3}
                                F - ring "Xiseuk Zium" {Contam rC+ Str+3 Stlth+}
                                j - +6 ring of intelligence

@: studying 2 skills, bribing [the Dungeon, the Tomb of the Ancients, the Realm
of Zot, the Depths]
A: almost no armour, amphibious, 8 rings, camouflage 1, gelatinous body 1,
(nimble swimmer 1), tentacles, tentacle spike 1, strong-willed 1, sense
surroundings 1, shaggy fur 1
0: Orb of Zot
}: 15/15 runes: serpentine, barnacled, slimy, silver, golden, iron, obsidian,
icy, bone, abyssal, demonic, glowing, magical, fiery, dark
a: Renounce Religion, Potion Petition, Call Merchant, Bribe Branch


You escaped.
You worshipped Gozag.
Gozag was pleased with you.
You visited 18 branches of the dungeon, and saw 88 of its levels.
You visited Pandemonium 1 time, and saw 16 of its levels.
You visited the Abyss 1 time.
You visited 2 bazaars.
You also visited: Volcano.

You collected 54280 gold pieces.
You spent 3494 gold pieces at shops.
You paid 50246 gold pieces to Gozag.

Inventory:

Armour
 Q - the +2 hood of the Assassin (worn) {Detection Stab+ Stlth++}
   (You acquired it on level 5 of the Lair of Beasts)

   It allows the wearer to sense nearby creatures.
   It allows the wearer to make particularly effective stabbing attacks against
   helpless or unaware enemies with any weapon.
   Stlth:     It makes you much more stealthy.
 S - the +2 buckler of the Alphagorgon (worn) {Drain Will+++ Str+4 Stlth+}
   (You acquired it on level 14 of the Dungeon)

   Str:       It affects your strength (+4).
   Drain:     It drains your maximum health when unequipped.
   Will:      It greatly increases your willpower.
   Stlth:     It makes you more stealthy.
Jewellery
 j - a +6 ring of intelligence (on tentacle)
 k - the ring of Duphif (right tentacle) {rPois rF+ Str+6}
   (You found it on level 2 of the Dungeon)

   [ring of strength]

   Str:       It affects your strength (+6).
   rF:        It protects you from fire.
   rPois:     It protects you from poison.
 m - an amulet of magic regeneration
 n - a +4 ring of evasion
 q - a ring of protection from fire
 r - the amulet of Huzetymp {Spirit rF+ Dex+4}
   (You found it on level 7 of Cocytus)

   [amulet of guardian spirit]

   It causes incoming damage to be divided between your reserves of health and
   magic.
   Dex:       It affects your dexterity (+4).
   rF:        It protects you from fire.
 s - a +6 ring of strength (on tentacle)
 x - the ring "Wairgh" (on tentacle) {Slay+2 SInv}
   (You found it on level 5 of the Vaults)

   [ring of see invisible]

   Slay:      It affects your accuracy & damage with ranged weapons and melee
   (+2).
   SInv:      It lets you see invisible.
 y - a ring of wizardry (left tentacle)
 A - a ring of flight
 F - the ring "Xiseuk Zium" (on tentacle) {Contam rC+ Str+3 Stlth+}
   (You acquired it on level 11 of the Dungeon)

   [ring of protection from cold]

   Str:       It affects your strength (+3).
   rC:        It protects you from cold.
   Contam:    It causes magical contamination when unequipped.
   Stlth:     It makes you more stealthy.
 H - a ring of protection from cold
 J - the amulet of Departure (around mantle) {rElec Regen+ Dex+2}
   (You bought it in a shop on level 12 of the Dungeon)

   [amulet of regeneration]

   Dex:       It affects your dexterity (+2).
   rElec:     It insulates you from electricity.
   Regen:     It increases your rate of health regeneration.
 P - the ring "Naeklof" (on tentacle) {rPois rF+ Str+4 Dex+3}
   (You found it on level 3 of the Tomb of the Ancients)

   [ring of protection from fire]

   Str:       It affects your strength (+4).
   Dex:       It affects your dexterity (+3).
   rF:        It protects you from fire.
   rPois:     It protects you from poison.
 R - a +4 ring of protection (on tentacle)
 U - a +6 ring of strength
Wands
 w - a wand of roots (34)
 z - a wand of flame (129)
 L - a wand of mindburst (23)
 T - a wand of quicksilver (37)
 V - a wand of paralysis (26)
Scrolls
 b - 9 scrolls of fog
 e - a scroll of brand weapon
 g - 16 scrolls of teleportation
 h - 3 scrolls of torment
 t - 3 scrolls of fear
 E - 2 scrolls of blinking
 G - a scroll of silence
 I - 3 scrolls of enchant armour
 N - 8 scrolls of immolation
 Z - 19 scrolls of poison
Potions
 a - 18 potions of lignification
 f - 19 potions of mutation
 o - 10 potions of brilliance
 u - 2 potions of berserk rage
 B - 34 potions of curing
 D - 5 potions of invisibility
 K - 2 potions of flight
 M - 5 potions of resistance
 O - 9 potions of magic
 W - 8 potions of cancellation
 X - 15 potions of heal wounds
 Y - 5 potions of might
Miscellaneous
 d - the horn of Geryon
 i - a phantom mirror
 l - a figurine of a ziggurat
 p - a phial of floods
 v - a condenser vane
 C - a box of beasts


   Skills:
 + Level 25.7 Fighting
 - Level 3.0 Throwing
 - Level 20.0 Dodging
 - Level 23.5 Stealth
 - Level 8.7 Shields
 - Level 25.2 Unarmed Combat
 + Level 25.1 Spellcasting
 - Level 2.4 Conjurations
 - Level 1.0 Summonings
 - Level 13.0 Translocations
 + Level 20.2 Transmutations
 - Level 21.5 Fire Magic
 - Level 12.8 Ice Magic
 - Level 2.1 Air Magic
 * Level 18.1 Earth Magic
 - Level 13.2 Evocations


You had 16 spell levels left.
You knew the following spells:

 Your Spells              Type           Power      Damage    Failure   Level
a - Ozocubu's Refrigerat  Ice            42%        4d16      1%          7
b - Iskenderun's Mystic   Conj/Tloc      69%        2d14      1%          4
c - Summon Lightning Spi  Summ/Air       45%        N/A       1%          4
d - Dragon Form           Tmut           50%        N/A       1%          7
e - Ignition              Fire           51%        3d14      1%          8
f - Swiftness             Air            48%        N/A       1%          3
g - Airstrike             Air            24%        2d(4-20)  1%          4
h - Blink                 Tloc           100%       N/A       0%          2
i - Statue Form           Tmut/Erth      66%        N/A       1%          6
j - Irradiate             Conj/Tmut      40%        3d25      1%          5
k - Manifold Assault      Tloc           84%        N/A       1%          5
l - Lee's Rapid Deconstr  Erth           48%        3d24*     0%          5

Your spell library contained the following spells:

 Spells                   Type           Power      Damage    Failure   Level
 Apportation              Tloc           100%       N/A       0%          1
 Beastly Appendage        Tmut           100%       N/A       0%          1
 Freeze                   Ice            100%       1d11      0%          1
 Sandblast                Erth           100%       2d20      0%          1
 Sting                    Tmut/Pois      100%       1d8       0%          1
 Passwall                 Tmut/Erth      82%        N/A       0%          2
 Wereblood                Tmut           100%       N/A       0%          2
 Conjure Flame            Conj/Fire      82%        6-21      0%          3
 Frozen Ramparts          Ice            100%       1d16      0%          3
 Gell's Gravitas          Tloc           84%        N/A       0%          3
 Ignite Poison            Fire/Tmut/Pois 87%        N/A       0%          3
 Lesser Beckoning         Tloc           84%        N/A       0%          3
 Ozocubu's Armour         Ice            84%        N/A       0%          3
 Teleport Other           Tloc           84%        N/A       0%          3
 Ice Form                 Ice/Tmut       93%        N/A       0%          4
 Petrify                  Tmut/Erth      99%        N/A       0%          4
 Blade Hands              Tmut           50%        N/A       0%          5
 Magic Dart               Conj           100%       1d8       1%          1
 Necrotise                Necr           100%       1d9       1%          1
 Shock                    Conj/Air       100%       1d9       1%          1
 Summon Small Mammal      Summ           100%       N/A       1%          1
 Call Imp                 Summ           42%        N/A       1%          2
 Ensorcelled Hibernation  Hex/Ice        100%       N/A       1%          2
 Poisonous Vapours        Pois/Air       84%        N/A       1%          2
 Static Discharge         Conj/Air       49%        3-10/arc  1%          2
 Sublimation of Blood     Necr           36%        N/A       1%          2
 Call Canine Familiar     Summ           42%        N/A       1%          3
 Confusing Touch          Hex            36%        N/A       1%          3
 Dazzling Flash           Conj/Hex       86%        N/A       1%          3
 Mephitic Cloud           Conj/Pois/Air  45%        N/A       1%          3
 Portal Projectile        Hex/Tloc       100%       N/A       1%          3
 Spider Form              Tmut/Pois      76%        N/A       1%          3
 Stone Arrow              Conj/Erth      100%       3d13      1%          3
 Summon Guardian Golem    Hex/Summ       39%        N/A       1%          3
 Tukima's Dance           Hex            36%        N/A       1%          3
 Vampiric Draining        Necr           36%        2d8       1%          3
 Hailstorm                Conj/Ice       69%        3d14      1%          4
 Passage of Golubria      Tloc           84%        N/A       1%          4
 Sticky Flame             Conj/Fire      82%        2d9       1%          4
 Summon Ice Beast         Ice/Summ       67%        N/A       1%          4
 Alistair's Intoxication  Tmut/Pois      50%        N/A       1%          5
 Borgnjor's Vile Clutch   Necr/Erth      36%        N/A       1%          5
 Fireball                 Conj/Fire      41%        3d17      1%          5
 Freezing Cloud           Conj/Ice/Air   31%        6-21      1%          5
 Metabolic Englaciation   Hex/Ice        32%        N/A       1%          5
 Yara's Violent Unravell  Hex/Tmut       38%        3d15      1%          5
 Dispersal                Tloc           42%        N/A       1%          6
 Eringya's Noxious Bog    Tmut/Pois      38%        N/A       1%          6
 Iron Shot                Conj/Erth      38%        9d8       1%          6
 Starburst                Conj/Fire      41%        6d12      1%          6
 Fulminant Prism          Conj/Hex       21%        3d13      2%          4
 Storm Form               Tmut/Air       39%        N/A       3%          7
 Anguish                  Hex/Necr       18%        N/A       4%          4
 Dispel Undead            Necr           36%        3d15      4%          4
 Olgreb's Toxic Radiance  Pois           36%        N/A       4%          4
 Iskenderun's Battlesphe  Conj           50%        2d10      4%          5
 Lightning Bolt           Conj/Air       24%        1d40      4%          5
 Silence                  Hex/Air        21%        N/A       7%          5
 Agony                    Necr           36%        N/A       11%         5
 Disjunction              Tloc           42%        N/A       12%         8
 Malign Gateway           Summ/Tloc      33%        N/A       17%         7
 Conjure Ball Lightning   Conj/Air       24%        3x3d7     24%         6
 Necromutation            Tmut/Necr      38%        N/A       38%         8
 Death Channel            Necr           18%        N/A       50%         6
 Orb of Destruction       Conj           25%        9d9       73%         7
 Spellforged Servitor     Conj/Summ      23%        N/A       82%         7
 Polar Vortex             Ice            42%        N/A       87%         9
 Haunt                    Necr/Summ      19%        N/A       92%         7
 Enfeeble                 Hex            18%        N/A       96%         7
 Borgnjor's Revivificati  Necr           18%        N/A       100%        8
 Maxwell's Capacitive Co  Air            24%        ∞         100%        8
 Summon Horrible Things   Summ           21%        N/A       100%        8
 Death's Door             Necr           18%        N/A       100%        9
 Corpse Rot               Necr/Pois/Air  Unusable   N/A       N/A         4
 Animate Dead             Necr           Unusable   N/A       N/A         4
 Simulacrum               Ice/Necr       Unusable   N/A       N/A         6

Dungeon Overview and Level Annotations

Branches:
Dungeon (15/15)            Temple (1/1) D:4            Lair (5/5) D:8
 Shoals (4/4) Lair:2        Snake (4/4) Lair:3        Slime (5/5) Lair:4
    Orc (2/2) D:12            Elf (3/3) Orc:2        Vaults (5/5) D:13
  Crypt (3/3) Vaults:3       Tomb (3/3) Crypt:3      Depths (4/4) D:15
   Hell (visited)             Dis (7/7) Hell            Geh (7/7) Hell
    Coc (7/7) Hell            Tar (7/7) Hell            Zot (5/5) Depths:4
Volcano (visited)

Altars:
Ashenzari
Cheibriados
Dithmenos
Elyvilon
Fedhas
Gozag
Hepliaklqana
Kikubaaqudgha
Makhleb
Nemelex Xobeh
Okawaru
Qazlal
Ru
Sif Muna
Trog
Uskayaw
Vehumet
Wu Jian
Yredelemnul
Zin
The Shining One
Jiyva

Shops:
D:1 [   D:11 **   D:12 =[   Orc:1 (=   Orc:2 =([![   Elf:2 *   Shoals:2 *
Shoals:3 *   Snake:2 !   Snake:4 [[[   Vaults:3 !   Vaults:5 !   Dis:1 =
Depths:2 [   Depths:4 *[[?(

Portals:
Hell: Depths:1 Depths:2 Depths:3* Depths:4
Abyss: Depths:3
Pandemonium: Depths:2 Depths:3 Depths:4
Ziggurat: Depths:1

Annotations:
D:14 2 transporters, Jaliuk's ghost, journeyman DECj
Depths:3 1 runed translucent door


Innate Abilities, Weirdness & Mutations

You cannot wear most types of armour.
You are amphibious.
You can wear up to eight rings at the same time.
Your skin changes colour to match your surroundings (Stealth+).
Your rubbery body absorbs attacks. (AC +1, EV +1)
((You are camouflaged when in or above water. (Stealth+)))
You have tentacles for arms and can constrict up to eight enemies at once.
One of your tentacles bears a spike.
You are strong-willed. (Will+)
You passively map a small area around you.
You are covered in fur. (AC +1)


Message History

a +0 leather armour; a +0 hand axe
There is a stone staircase leading up here.
You climb upwards.
There is a stone staircase leading down here.
Okay, then.
Blink to where?
Press: ? - help, Dir - move target
As you read the scroll of blinking, it crumbles to dust.
There is a stone staircase leading up here.
You climb upwards.
There is a stone staircase leading down here.
Blink to where?
Press: ? - help, Dir - move target
As you read the scroll of blinking, it crumbles to dust.
There is a stone staircase leading up here.
You climb upwards.
There is a stone staircase leading down here.
Magic restored.
There is a stone staircase leading up, spattered with blood here.
You climb upwards.
There is a stone staircase leading down here.
There is a stone staircase leading up here.
You climb upwards.
There is a stone staircase leading down here.
There is an open door here.
There is a stone staircase leading up here.
You climb upwards.
There is a stone staircase leading down here.
There is a stone staircase leading up here.
You climb upwards.
There is a stone staircase leading down here.
There is a stone staircase leading up here.
You climb upwards.
There is a stone staircase leading down here.
You see here a +0 robe.
A reaper comes into view. It is wielding a +2 scythe of venom.
The reaper stares, then turns away, jangling a coin purse.
You swap places.
There is a staircase leading out of the dungeon here.
You have escaped!

♣.♣♣♣ ♣♣.♣♣♣. ♣.♣
♣♣♣.♣♣ ♣♣ ♣.♣♣
♣♣♣..♣♣ ♣ ♣..♣ ♣..♣♣♣
♣♣.♣♣ ♣.♣♣ ♣♣..♣♣
♣♣.♣♣ ♣♣♣..♣.♣ ♣♣.♣
♣♣ ♣......♣ ♣♣.♣♣
♣♣♣≈
♣♣..@..♣♣♣♣♣.♣.♣♣♣≈≈≈
♣♣...P..♣....♣♣♣≈≈≈♣
♣♣♣♣♣♣P.♣P♣♣♣ ♣♣≈≈♣
♣♣♣♣♣♣ ♣♣♣♣


There were no monsters in sight!

Vanquished Creatures
  Cerebov (Pan)
  Asmodeus (Geh:7)
  Gloorx Vloq (Pan)
  Ereshkigal (Tar:7)
  the Serpent of Hell (Tar:7)
  Mnoleg (Pan)
  9 dread liches
  4 ancient liches
  An orb of fire (Zot:5)
  The ghost of Cyqimiab the Merfolkian Porcupine, a legendary MfGl of Ru (Zot:1)
  2 juggernauts
  Mennas (Pan)
  2 pandemonium lords (Pan)
  A royal mummy (Tomb:3)
  A Killer Klown (Zot:3)
  20 shard shrikes
  Margery (Vaults:2)
  Bai Suzhen (Crypt:3)
  26 caustic shrikes
  Geryon (Hell)
  7 golden dragons
  Nikola (Shoals:3)
  8 profane servitors
  26 bone dragons
  14 doom hounds
  7 Brimstone Fiends
  9 tentacled monstrosities
  23 Tzitzimimeh
  7 Ice Fiends
  4 spectral shard shrikes
  11 hellephants
  Jorgrun (D:15)
  5 iron giants (Dis:7)
  21 searing wretches
  A walking crystal tome (Depths:2)
  Zenata (Vaults:3)
  17 tainted leviathans
  10 liches
  8 Hell Sentinels
  10 Orb Guardians
  10 titans
  3 deep elf blademasters
  5 quicksilver dragons
  12 ancient champions
  18 acid blobs
  A kraken (Shoals:1)
  24 Executioners
  5 tentacled starspawn (Abyss:3)
  5 death cobs
  4 sphinxes
  Kirke (D:15)
  5 shadow dragons
  An eldritch tentacle (Pan)
  7 tengu reavers
  11 storm dragons
  Donald (Vaults:1)
  4 revenants
  Agnes (D:15)
  19 azure jellies
  The ghost of LustLizard the Brawler, a journeyman TrFi of Wu Jian (D:15)
  A draconian monk (Zot:3)
  29 fire giants
  9 rockslimes
  4 demonspawn warmongers (Pan)
  4 nagarajas (Snake:4)
  7 quicksilver elementals
  14 frost giants
  9 narguns
  4 daevas (Pan)
  4 draconian scorchers
  6 deep elf sorcerers
  2 draconian knights
  6 iron dragons
  A spectral juggernaut (Tar:7)
  Aizul (Snake:1)
  A spectral caustic shrike (Tar:1)
  2 orc warlords (Vaults:4)
  17 vault wardens
  24 cacodemons
  3 angels (Pan)
  11 shard shrike simulacra
  24 balrugs
  6 deep elf elementalists (Elf:3)
  5 curse skulls
  3 draconian shifters (Zot:1)
  4 draconian annihilators
  A juggernaut skeleton (Pan)
  5 demonspawn corrupters (Pan)
  24 ironbound preservers
  A demonspawn blood saint (D:9)
  17 reapers
  6 vampire knights
  6 ironbound thunderhulks
  11 ghouls
  13 stone giants
  10 quicksilver oozes
  3 spriggan defenders
  31 very ugly things
  13 war gargoyles
  2 apis (Pan)
  4 green draconians
  19 elemental wellsprings
  27 putrid mouths
  6 black draconians
  8 lorocyprocas
  A bennu (Tomb:2)
  4 demonspawn black suns (Pan)
  6 deep elf demonologists
  4 red draconians
  4 wendigos
  Azrael (D:13)
  2 spectral titans
  2 pale draconians (Depths:4)
  10 deep elf annihilators
  6 yellow draconians
  10 dire elephants
  5 purple draconians
  5 white draconians
  7 spark wasps
  8 green deaths
  9 deep elf death magi
  10 blizzard demons
  A merfolk javelineer (Shoals:3)
  9 merfolk impalers
  23 iron golems
  8 eidola
  8 ettins
  10 jiangshi
  6 mummy priests
  7 fire dragons
  2 spectral quicksilver dragons
  2 spectral spriggans (Crypt:3)
  A spectral iron giant (Tar:5)
  12 yaktaur captains
  34 vault guards
  7 rakshasas
  8 deep elf high priests
  A hell beast (Pan)
  6 boulder beetles
  8 caustic shrike simulacra
  10 great orbs of eyes
  4 ogre magi
  Erolcha (Orc:1)
  2 catoblepae
  8 spriggan skeletons
  2 fenstrider witch skeletons (Pan)
  4 hydras
  10 salamander tyrants
  A spriggan air mage (Depths:1)
  14 ice dragons
  19 anacondas
  3 death knights
  A hydra (shapeshifter) (Vaults:5)
  22 centaur warriors
  9 ironbound frosthearts
  4 juggernaut simulacra
  3 merfolk avatars
  4 merfolk aquamancers (Shoals:4)
  3 naga warriors
  35 dancing weapons
  5 deep troll earth magi
  2 deep troll shamans
  32 hell hogs
  5 stokers
  A spectral dire elephant (Tar:4)
  24 death scarabs
  4 tengu warriors
  5 vampire magi
  8 two-headed ogres
  A spectral salamander (Snake:4)
  15 death yaks (Lair:5)
  5 spriggan berserkers
  2 satyrs
  15 thrashing horrors
  2 orc high priests
  11 naga sharpshooters
  7 shock serpents
  A storm dragon zombie (Crypt:1)
  20 deep elf knights
  A titan zombie (Crypt:1)
  7 hell knights
  25 soul eaters
  5 holy swine (Pan)
  9 iron trolls
  27 sun demons
  14 wretched stars
  2 spatial maelstroms (Abyss:3)
  37 shadow wraiths
  5 spriggans
  An anaconda zombie (Hell)
  The ghost of xian the Abyss-Baptised, a novice DsAK of Lugonu (D:9)
  23 skeletal warriors
  3 crystal echidnas
  60 deep trolls
  10 salamander mystics
  A fire crab (shapeshifter) (Elf:1)
  4 cherubim (Pan)
  47 sixfirhies
  29 starcursed masses
  2 spectral anacondas
  6 glowing orange brains
  7 sea snakes
  3 spriggan simulacra
  9 quicksilver dragon simulacra
  Pikel (D:9)
  An iron giant skeleton (Tomb:3)
  A storm dragon skeleton (Crypt:3)
  4 naga ritualists
  7 flayed ghosts
  2 bog bodies
  12 ironbound convokers
  4 shadow demons (Pan)
  10 deep elf archers
  11 lindwurms
  24 harpies
  8 orc knights
  5 mana vipers
  A harpy (shapeshifter) (Vaults:5)
  9 necromancers
  3 bunyip skeletons
  An obsidian statue (Snake:4)
  An anaconda skeleton (Hell)
  2 oklob plants (Lair:4)
  27 phantasmal warriors
  13 wizards
  A spectral fire dragon (Tar:1)
  4 orc sorcerers
  2 spectral ettins
  31 deep elf pyromancers
  31 deep elf zephyrmancers
  4 cyclopes
  45 salamanders
  A faun (shapeshifter) (Depths:4)
  7 manticores
  An iron dragon zombie (Crypt:2)
  2 stone giant zombies (Depths:1)
  6 shining eyes
  36 ugly things
  15 elephants
  11 fauns
  6 worldbinders
  24 black mambas
  25 moths of wrath
  A spectral centaur (Tar:1)
  4 guardian serpents
  61 large abominations
  A spectral shock serpent (Snake:4)
  7 merfolk sirens
  5 rust devils
  7 ice statues
  8 water nymphs
  A spectral alligator snapping turtle (Tar:1)
  A stone giant skeleton (Pan)
  7 apocalypse crabs
  29 smoke demons
  19 vault sentinels
  11 naga magi
  6 titan simulacra
  A centaur zombie (Tomb:1)
  3 eyes of devastation
  A fire giant skeleton (Crypt:1)
  25 orange demons
  A torpor snail (Lair:2)
  10 cane toads
  10 demonic crawlers
  2 spriggan zombies (Depths:1)
  A centaur skeleton (Abyss:2)
  17 hellions
  39 yaktaurs
  4 unseen horrors
  6 efreet
  15 guardian mummies
  6 komodo dragons
  4 iron giant simulacra
  A sea snake zombie (Hell)
  A tengu conjurer (Depths:4)
  A kobold demonologist (D:11)
  6 spectral harpies
  6 anaconda simulacra
  A minotaur skeleton (Crypt:1)
  3 silent spectres
  18 freezing wraiths
  A grey draconian skeleton (Crypt:1)
  20 hellwings
  27 tormentors
  A green draconian skeleton (Crypt:3)
  3 ice devils
  8 ancient zymes
  7 red devils
  3 trolls
  3 harpy zombies (Tomb:3)
  A golden dragon simulacrum (Coc:7)
  3 hydra zombies (Hell)
  A merfolk (shapeshifter) (Depths:4)
  6 hornets
  2 hydra skeletons (Hell)
  2 shadow dragon simulacra (Coc:1)
  2 polar bears (Lair:5)
  22 blink frogs
  A moth of wrath zombie (Crypt:1)
  24 merfolk
  3 dream sheep (Lair:2)
  13 wind drakes
  14 raiju
  127 slime creatures
  3 harpy skeletons
  3 stone giant simulacra
  9 snapping turtles
  3 spectral nagas
  31 flying skulls
  3 iron dragon simulacra
  A shock serpent simulacrum (Snake:4)
  3 naga simulacra
  7 air elementals
  6 wyverns
  A spriggan (shapeshifter) (Depths:4)
  2 alligator skeletons
  13 shadows
  A centaur simulacrum (Hell)
  6 ushabtiu
  14 wraiths
  24 yaks
  25 water elementals
  2 ice dragon skeletons (Pan)
  25 ynoxinuls
  An ettin skeleton (Pan)
  2 vampires
  11 fire bats
  3 dire elephant simulacra
  5 golden eyes
  A hog (shapeshifter) (Depths:3)
  A merfolk skeleton (Pan)
  9 fire elementals
  4 vampire mosquitoes
  An alligator snapping turtle simulacrum (Coc:1)
  21 humans (D:13)
  A wind drake skeleton (Crypt:2)
  5 basilisks
  29 chaos spawn
  A hog (D:15)
  3 spatial vortices (Abyss:3)
  21 neqoxecs
  25 nagas
  6 steam dragons
  5 acid dragons
  2 wargs
  18 harpy simulacra
  7 hell hounds
  12 water moccasins
  5 hydra simulacra
  50 orc warriors
  3 ice beasts
  3 sky beasts
  2 black bears
  A tengu (shapeshifter) (Elf:2)
  14 wolves
  3 ettin simulacra
  6 ogres
  A fire dragon simulacrum (Coc:1)
  A snapping turtle zombie (Crypt:2)
  3 boggarts (Vaults:2)
  15 centaurs
  3 phantoms
  A draconian zombie (Crypt:3)
  6 kobold brigands
  An earth elemental (Elf:3)
  12 bullfrogs
  2 scorpions
  6 necrophages
  13 wights
  A queen bee zombie (Crypt:3)
  A yak zombie (Crypt:1)
  8 killer bees
  37 small abominations
  6 electric eels (D:11)
  A howler monkey (D:9)
  2 lava snakes (Snake:4)
  3 quasits (Abyss:2)
  8 jellies
  12 orc priests
  4 iron imps (Abyss:3)
  5 gnoll boudas
  6 iguanas
  21 orc wizards
  A killer bee zombie (Crypt:2)
  An acid dragon skeleton (Crypt:1)
  3 naga skeletons
  18 mummies
  15 gnolls
  7 adders
  A shadow imp (D:6)
  7 white imps
  5 ufetubi
  A lava snake skeleton (Crypt:1)
  A worm (D:3)
  A dart slug (D:4)
  91 orcs
  6 ball pythons
  A bat skeleton (Crypt:3)
  7 endoplasms
  3 giant cockroaches
  A gnoll zombie (Crypt:2)
  5 goblins
  4 hobgoblins
  5 jackals
  30 kobolds
  5 quokkas
  A river rat zombie (Crypt:2)
  4 bats
  4 frilled lizards
  A goblin zombie (Crypt:3)
  An orc zombie (Crypt:2)
  5 rats
  A ball lightning (Pan)
  A butterfly (Lair:3)
  A creeping inferno (Geh:3)
  21 fire vortices
  2 lurking horrors (Abyss:2)
  4 tentacles (Shoals:1)
3673 creatures vanquished.

Vanquished Creatures (collateral kills)
  Antaeus (Coc:7)
  the Royal Jelly (Slime:5)
  Lom Lobon (Pan)
  Dispater (Dis:7)
  A juggernaut (Dis:7)
  2 pandemonium lords (Pan)
  The ghost of wingedge the Warrior, a veteran DgIE (Zot:1)
  A royal mummy (Tomb:3)
  Saint Roka (Vaults:2)
  3 Killer Klowns (Zot:5)
  7 caustic shrikes
  A curse toe (Zot:4)
  2 golden dragons (Zot:5)
  A pearl dragon (Pan)
  3 iron giants (Dis:7)
  3 doom hounds (Hell)
  A Brimstone Fiend (Pan)
  A Tzitzimitl (Pan)
  2 electric golems (Zot:5)
  3 Ice Fiends
  6 Hell Sentinels
  2 tentacled monstrosities (Zot:3)
  15 Orb Guardians (Zot:5)
  2 searing wretches (Hell)
  2 quicksilver dragons (Zot:5)
  3 Executioners (Pan)
  An acid blob (Slime:5)
  The ghost of Rudyous the Warrior, an adept HOFi of Jiyva (Snake:4)
  2 death cobs
  5 ancient champions
  A sphinx (Tomb:1)
  2 shadow dragons
  4 storm dragons
  A daeva (Pan)
  2 rockslimes (Slime:5)
  3 draconian monks
  A nargun (Coc:7)
  4 azure jellies
  2 quicksilver elementals
  A fire giant (Vaults:5)
  3 draconian knights
  A frost giant (Hell)
  A revenant (Tomb:3)
  3 balrugs (Pan)
  A draconian stormcaller (Zot:5)
  3 draconian annihilators
  20 cacodemons
  6 angels (Pan)
  3 demonspawn blood saints (Pan)
  2 reapers
  5 war gargoyles (Dis:7)
  A stone giant (Vaults:5)
  10 apis (Pan)
  2 demonspawn corrupters (Pan)
  6 very ugly things (Pan)
  2 elemental wellsprings
  A black draconian (Zot:5)
  6 green draconians
  3 lorocyprocas
  8 ophanim (Pan)
  A putrid mouth (Hell)
  A demonspawn black sun (Pan)
  A white draconian (Zot:5)
  2 wendigos (Coc:7)
  3 purple draconians
  2 yellow draconians
  6 iron golems
  4 green deaths (Pan)
  2 blizzard demons (Pan)
  6 mummy priests
  A merfolk impaler (Shoals:4)
  A caustic shrike simulacrum (Coc:7)
  A juggernaut simulacrum (Coc:7)
  7 death scarabs
  5 soul eaters
  11 sun demons
  4 crystal echidnas
  21 sixfirhies
  A golden dragon zombie (Tomb:3)
  12 large abominations (Pan)
  5 cherubim (Pan)
  4 skeletal warriors
  4 shadow demons (Pan)
  A quicksilver dragon simulacrum (Hell)
  A deep troll (Vaults:2)
  A spriggan simulacrum (Coc:7)
  An anaconda zombie (Tomb:1)
  An ugly thing (Pan)
  2 manticores (Shoals:4)
  A slime creature (Slime:5)
  A centaur zombie (Hell)
  9 moths of wrath
  An eye of devastation (Pan)
  4 rust devils (Hell)
  2 smoke demons (Pan)
  17 orange demons (Pan)
  2 hellions (Coc:6)
  11 guardian mummies
  2 tormentors
  2 efreet (Pan)
  5 hellwings (Pan)
  An anaconda simulacrum (Coc:6)
  A freezing wraith (Coc:7)
  A sea snake skeleton (Hell)
  A red devil (Pan)
  A troll (Vaults:2)
  An iron dragon simulacrum (Coc:6)
  A stone giant simulacrum (Coc:6)
  16 flying skulls
  9 ynoxinuls (Pan)
  2 ushabtiu
  A water elemental (Shoals:4)
  3 golden eyes (Pan)
  A wyvern (D:11)
  17 chaos spawn (Pan)
  14 neqoxecs (Pan)
  A warg (Vaults:2)
  An acid dragon (D:11)
  3 hell hounds (Hell)
  A black mamba simulacrum (Snake:4)
  An ogre (Vaults:2)
  9 mummies
  3 kobolds (D:11)
  A ball lightning (Pan)
  2 fire vortices (Pan)
445 creatures vanquished.

Vanquished Creatures (others)
  A seraph (Pan)
  An ancient lich (Zot:5)
  A caustic shrike (Dis:3)
  A Brimstone Fiend (Pan)
  4 iron giants
  A tentacled monstrosity (Zot:5)
  5 Hell Sentinels
  3 Ice Fiends
  An Orb Guardian (Zot:5)
  5 titans
  5 sphinxes (Tomb:1)
  3 death cobs
  7 ancient champions
  A revenant (Tomb:3)
  4 azure jellies (Coc:7)
  A draconian monk (Zot:5)
  5 narguns
  2 quicksilver elementals
  11 cacodemons (Pan)
  2 balrugs (Pan)
  2 frost giants (Coc:7)
  2 angels (Pan)
  11 war gargoyles
  A demonspawn corrupter (Pan)
  A shard shrike simulacrum (Coc:7)
  A demonspawn blood saint (Pan)
  A very ugly thing (Pan)
  A reaper (Dis:3)
  2 ophanim (Pan)
  2 elemental wellsprings (Coc:7)
  An apis (Pan)
  2 bennus (Tomb:3)
  A green draconian (Zot:4)
  A black draconian (Zot:1)
  2 white draconians
  10 wendigos
  2 red draconians (Zot:5)
  7 mummy priests
  A blizzard demon (Pan)
  A purple draconian (Zot:2)
  4 caustic shrike simulacra (Coc:7)
  An ogre mage (Abyss:3)
  3 death scarabs
  A soul eater (Pan)
  12 sixfirhies (Pan)
  A titan skeleton (Tomb:1)
  8 sun demons (Pan)
  A quicksilver dragon simulacrum (Coc:5)
  5 skeletal warriors
  A cherub (Pan)
  2 shadow demons (Pan)
  2 wizards (Pan)
  3 large abominations (Pan)
  A shining eye (Pan)
  2 hellions (Dis:3)
  10 orange demons (Pan)
  20 guardian mummies
  3 efreet (Pan)
  A tormentor (Dis:5)
  A hellwing (Pan)
  5 freezing wraiths (Coc:7)
  An iron giant simulacrum (Coc:7)
  A red devil (Hell)
  2 flying skulls (Tomb:3)
  A naga simulacrum (Coc:7)
  4 ynoxinuls (Pan)
  3 humans (D:15)
  8 water elementals
  A dire elephant simulacrum (Coc:7)
  An ushabti (Tomb:1)
  A fire bat (Abyss:3)
  5 chaos spawn (Pan)
  7 neqoxecs (Pan)
  A hydra simulacrum (Coc:7)
  A centaur (Volcano)
  4 small abominations (Abyss:2)
  A jelly (Abyss:2)
  An orc wizard (Elf:3)
  12 mummies
  4 orcs
  10 ball lightnings (Pan)
  A butterfly (D:4)
  2 creeping infernos
  3 fire vortices
  33 fungi
  2 lurking horrors (Abyss:2)
  150 plants
  3 starspawn tentacles (Abyss:3)
  9 tentacles (Shoals:1)
475 creatures vanquished.

Grand Total: 4593 creatures vanquished

Notes
Turn   | Place    | Note
-------+----------+-------------------------------------------
     0 | D:1      | LustLizard the Octopode Transmuter began the quest for the
                  | Orb.
     0 | D:1      | Reached XP level 1. HP: 13/13 MP: 3/3
   223 | D:1      | Found Rathre's Armour Emporium.
   250 | D:1      | Reached XP level 2. HP: 13/18 MP: 3/5
   260 | D:1      | Reached skill level 1 in Throwing
   498 | D:1      | Found a faded altar of an unknown god.
   703 | D:1      | Learned a level 2 spell: Wereblood
  1008 | D:1      | Learned a level 1 spell: Summon Small Mammal
  1029 | D:2      | Reached XP level 3. HP: 18/23 MP: 4/6
  1540 | D:2      | Identified the ring of Duphif {rPois rF+ Str+6}
  1972 | D:2      | Reached XP level 4. HP: 28/28 MP: 5/7
  2243 | D:3      | Identified the +2 scale mail of Jevvoged {Will++ Str-3}
  2407 | D:3      | Reached XP level 5. HP: 29/33 MP: 6/9
  2491 | D:3      | Learned a level 4 spell: Ice Form
  2535 | D:3      | Noticed a water moccasin
  2790 | D:3      | Killed a water moccasin
  2791 | D:3      | Reached XP level 6. HP: 33/38 MP: 6/10
  3264 | D:4      | Found a white marble altar of Elyvilon.
  3608 | D:4      | Found a blossoming altar of Fedhas.
  3777 | D:4      | Found a staircase to the Ecumenical Temple.
  3787 | Temple   | Entered the Ecumenical Temple
  3843 | D:5      | Entered Level 5 of the Dungeon
  3927 | D:5      | Reached XP level 7. HP: 43/43 MP: 9/11
  4066 | D:5      | Noticed a steam dragon
  4066 | D:5      | Found an opulent altar of Gozag.
  4449 | D:5      | Found an ancient bone altar of Kikubaaqudgha.
  4487 | D:5      | Killed a steam dragon
  4718 | D:5      | Became a worshipper of Gozag Ym Sagoz the Greedy
  4823 | D:5      | Found a shimmering blue altar of Sif Muna.
  5745 | D:6      | Reached skill level 5 in Unarmed Combat
  5849 | D:5      | Reached skill level 5 in Ice Magic
  5849 | D:5      | Reached XP level 8. HP: 37/48 MP: 12/12
  6093 | D:6      | HP: 2/48 [something (5)]
  6691 | D:6      | Learned a level 1 spell: Shock
  7736 | D:6      | Reached skill level 1 in Summonings
  7918 | D:6      | Reached skill level 1 in Conjurations
  8564 | D:6      | Reached skill level 1 in Air Magic
  9110 | D:7      | Identified the +8 short sword "Spiderbane" {vorpal, rN+
                  | Str+2}
  9141 | D:7      | Learned a level 3 spell: Swiftness
  9425 | D:7      | Reached skill level 5 in Transmutations
  9434 | D:7      | Reached XP level 9. HP: 55/55 MP: 8/13
 10474 | D:7      | Found a shimmering altar of Xom.
 10474 | D:7      | Found a shimmering altar of Xom.
 10475 | D:7      | Found a shimmering altar of Xom.
 10475 | D:7      | Found a shimmering altar of Xom.
 10475 | D:7      | Found a radiant altar of Vehumet.
 10476 | D:7      | Found a shimmering altar of Xom.
 10477 | D:7      | Found a shimmering altar of Xom.
 10481 | D:7      | Found a shimmering altar of Xom.
 10585 | D:7      | Noticed a polar bear
 10684 | D:7      | Noticed a komodo dragon
 10890 | D:8      | Noticed a death yak
 10890 | D:8      | Noticed an elephant
 10890 | D:8      | Found a staircase to the Lair.
 11145 | D:8      | Found a sparkling altar of Nemelex Xobeh.
 11274 | D:8      | Killed an elephant
 11818 | D:8      | Reached XP level 10. HP: 25/65 MP: 8/14
 13045 | D:8      | Reached skill level 5 in Dodging
 13367 | D:8      | Found a glowing silver altar of Zin.
 13496 | D:8      | Reached skill level 5 in Fighting
 13698 | D:8      | Noticed a two-headed ogre
 13703 | D:8      | Killed a two-headed ogre
 13946 | D:8      | Noticed an unseen horror
 13948 | D:8      | Killed an unseen horror
 14801 | D:9      | Noticed Pikel
 14818 | D:9      | Killed Pikel
 14819 | D:9      | Reached XP level 11. HP: 71/72 MP: 12/16
 15012 | D:9      | Noticed a two-headed ogre
 15026 | D:9      | Killed a two-headed ogre
 15177 | D:9      | Found a runed translucent gate.
 15177 | D:9      | Found a runed translucent gate.
 15177 | D:9      | Found a runed translucent gate.
 15178 | D:9      | Noticed xian's ghost (novice DsAK)
 15183 | D:9      | Found a viscous altar of Jiyva.
 15216 | D:9      | Found a sacrificial altar of Ru.
 15563 | D:9      | Found a burning altar of Makhleb.
 15565 | D:9      | Found a shadowy altar of Dithmenos.
 15892 | D:10     | Entered Level 10 of the Dungeon
 16220 | D:10     | Noticed a two-headed ogre
 16232 | D:10     | Killed a two-headed ogre
 16525 | D:10     | Noticed a two-headed ogre
 16599 | D:10     | Killed a two-headed ogre
 16981 | D:10     | Reached skill level 10 in Transmutations
 17955 | D:11     | Noticed a seven-headed hydra
 18007 | D:11     | Noticed a soul eater
 18518 | D:11     | HP: 2/88 [acid dragon/splash of acid (9)]
 18843 | D:11     | You fall into a shaft and drop 3 floors!
 18843 | D:14     | Found a transporter.
 18845 | D:14     | Noticed a tengu warrior
 19005 | D:14     | Noticed Jaliuk's ghost (journeyman DECj)
 19007 | D:14     | Noticed a purple ugly thing
 19034 | D:13     | Learned a level 4 spell: Airstrike
 19035 | D:12     | Noticed a +3 dagger
 19035 | D:12     | Noticed a +0 hand axe
 19035 | D:12     | Found a hide-covered altar of Uskayaw.
 19157 | D:11     | Reached skill level 1 in Evocations
 20042 | D:11     | Killed a seven-headed hydra
 20043 | D:11     | Reached XP level 12. HP: 81/81 MP: 2/19
 20225 | D:11     | Identified the +6 whip of the Ecumenical Temple {pain, MP-9
                  | Int-5 Dex+7 SInv}
 20722 | D:11     | Bought a scroll of identify for 54 gold pieces
 20722 | D:11     | Bought a scroll labelled VEUT REICAEDIE for 27 gold pieces
 20722 | D:11     | Bought an encrusted glass ring for 135 gold pieces
 20722 | D:11     | Bought a scroll of identify for 54 gold pieces
 20730 | D:11     | Bought a scroll labelled RYOFO NEUDGH for 23 gold pieces
 20730 | D:11     | Bought a scroll labelled PARAHO ROIC for 23 gold pieces
 20731 | D:11     | Acquired the ring "Xiseuk Zium" {Contam rC+ Str+3 Stlth+}
 20776 | D:12     | Noticed a boulder beetle
 20786 | D:12     | Killed a boulder beetle
 21688 | D:12     | Found a staircase to the Orcish Mines.
 21742 | D:12     | Noticed a boulder beetle
 22513 | Lair:1   | Entered Level 1 of the Lair of Beasts
 22563 | Lair:1   | Reached skill level 5 in Evocations
 22569 | Lair:1   | HP: 4/98 [yak (7)]
 23800 | Lair:2   | Found a staircase to the Shoals.
 24866 | Lair:2   | Reached XP level 13. HP: 89/89 MP: 17/20
 25028 | Lair:2   | Reached skill level 10 in Unarmed Combat
 25107 | Lair:2   | Identified the amulet of Yjaggutz {Acrobat Dex+5}
 25393 | Lair:2   | Learned a level 2 spell: Blink
 26085 | Lair:3   | Identified the +5 long sword of Woabbura {freeze, Int+5}
 26197 | Lair:3   | Found a staircase to the Snake Pit.
 27138 | Lair:4   | You fall into a shaft and drop 1 floor!
 27138 | Lair:5   | Entered Level 5 of the Lair of Beasts
 27341 | Lair:5   | Reached skill level 1 in Translocations
 28888 | Lair:5   | Reached XP level 14. HP: 97/97 MP: 21/21
 29524 | Lair:4   | Found a viscous altar of Jiyva.
 29750 | Lair:4   | Found a staircase to the Slime Pits.
 30205 | Lair:5   | Reached skill level 10 in Evocations
 33206 | Lair:5   | Acquired the +2 hood of the Assassin {Detection Stab+
                  | Stlth++}
 33206 | Lair:5   | Found the +2 hood of the Assassin {Detection Stab+ Stlth++}
 33213 | Lair:5   | Acquired a +4 ring of protection
 33215 | Lair:5   | Acquired the Encyclopedia of the Mind
 33691 | D:12     | Reached skill level 5 in Spellcasting
 36570 | Orc:1    | Entered Level 1 of the Orcish Mines
 36570 | Orc:1    | Found Iratt's Weapon Shoppe.
 36660 | D:13     | Noticed Azrael
 37292 | D:13     | Got the Atlas of Wanderlust and the Winter
 38758 | D:13     | Reached XP level 15. HP: 103/103 MP: 20/24
 38834 | D:13     | Learned a level 6 spell: Statue Form
 38901 | D:13     | Reached skill level 1 in Earth Magic
 39361 | D:14     | Acquired the +2 buckler of the Alphagorgon {Drain Will+++
                  | Str+4 Stlth+}
 39546 | D:14     | Found a transporter.
 39566 | D:14     | Found a bloodstained altar of Trog.
 41149 | D:15     | Entered Level 15 of the Dungeon
 41149 | D:15     | Noticed LustLizard's ghost (journeyman TrFi)
 41149 | D:15     | Found a runed translucent door.
 41150 | D:15     | Noticed Kirke
 41482 | D:9      | Killed xian's ghost
 41483 | D:9      | Reached skill level 1 in Shields
 42199 | Orc:1    | Noticed Erolcha
 42217 | Orc:1    | Killed Erolcha
 42509 | Orc:2    | Entered Level 2 of the Orcish Mines
 42944 | Orc:2    | Found a staircase to the Elven Halls.
 43026 | Orc:2    | Found a dark tunnel.
 43054 | Volcano  | Entered a volcano
 43709 | Orc:2    | Reached skill level 5 in Earth Magic
 43958 | Orc:2    | Found Roalirch's Armour Shop.
 44115 | Orc:2    | Learned a level 5 spell: Irradiate
 44279 | Orc:2    | Reached skill level 10 in Dodging
 44410 | Orc:2    | Found Kesit's Armour Boutique.
 44410 | Orc:2    | Found Nibrol's Antique Weapon Shoppe.
 44410 | Orc:2    | Found Nuododid's Jewellery Emporium.
 44413 | Orc:2    | Found Nuaqu's Distillery.
 44425 | Orc:2    | Bought a potion of might for 60 gold pieces
 44425 | Orc:2    | Bought a potion of resistance for 150 gold pieces
 44425 | Orc:2    | Bought a potion of mutation for 120 gold pieces
 44425 | Orc:2    | Bought a potion of mutation for 120 gold pieces
 44425 | Orc:2    | Bought a potion of invisibility for 120 gold pieces
 44548 | D:12     | Reached skill level 10 in Fighting
 44867 | D:12     | Bought a glowing kite shield for 210 gold pieces
 44870 | D:12     | Bought the amulet of Departure {rElec Regen+ Dex+2} for 819
                  | gold pieces
 45043 | Orc:1    | Found Xelung's Jewellery Emporium.
 45283 | D:13     | Killed Azrael
 45367 | D:13     | Found a gate to the Vaults.
 45507 | D:15     | Noticed Jorgrun
 45516 | D:15     | Killed Jorgrun
 45576 | D:15     | Killed Kirke
 45720 | D:15     | Noticed Agnes
 45727 | D:15     | Killed Agnes
 45736 | D:15     | Reached XP level 16. HP: 105/110 MP: 13/27
 45884 | D:15     | Found a staircase to the Depths.
 46242 | D:15     | Killed LustLizard's ghost
 46479 | Shoals:1 | Entered Level 1 of the Shoals
 46538 | Shoals:1 | Reached skill level 1 in Stealth
 46890 | Shoals:1 | Noticed a kraken
 47076 | Shoals:1 | Killed a kraken
 47345 | Shoals:1 | Reached skill level 5 in Shields
 47807 | Shoals:2 | Found Amuitafi's Assorted Antiques.
 47840 | Shoals:2 | Bought a brass ring for 150 gold pieces
 48963 | Shoals:3 | Noticed Nikola
 48979 | Shoals:3 | Killed Nikola
 48980 | Shoals:3 | Reached skill level 5 in Stealth
 49016 | Shoals:3 | Identified the +6 chain mail of the Golden God {Harm rC+}
 49857 | Shoals:3 | Found Hiwung's CLEARANCE SALE!.
 49926 | Shoals:3 | Reached XP level 17. HP: 119/119 MP: 23/28
 50049 | Shoals:4 | Entered Level 4 of the Shoals
 50310 | Shoals:4 | Found a stormy altar of Qazlal.
 50795 | Shoals:4 | Reached skill level 5 in Translocations
 50908 | Shoals:4 | Identified the +1 leather armour of Courage {*Corrode rElec
                  | Will+}
 51230 | Shoals:4 | Found the +0 staff of Battle
 51297 | Shoals:4 | Got a barnacled rune of Zot
 51825 | D:12     | Gained mutation: Your spells are a little harder to cast,
                  | but a little more powerful. [potion of mutation]
 51825 | D:12     | Gained mutation: You are strong-willed. (Will+) [potion of
                  | mutation]
 51961 | Snake:1  | Entered Level 1 of the Snake Pit
 52811 | Snake:1  | Noticed Aizul
 52822 | Snake:1  | Killed Aizul
 53234 | Snake:2  | Found the +18 Lear's hauberk
 53378 | Snake:2  | Found Oluenoo's Distillery.
 53495 | Snake:2  | Bought a potion of magic for 96 gold pieces
 53495 | Snake:2  | Bought 2 potions of heal wounds for 120 gold pieces
 53495 | Snake:2  | Bought a potion of heal wounds for 60 gold pieces
 53495 | Snake:2  | Bought a potion of heal wounds for 60 gold pieces
 53495 | Snake:2  | Bought a potion of cancellation for 96 gold pieces
 53870 | Snake:3  | Identified the +0 leather armour of Grace {Dex+7 Stlth+}
 53877 | Snake:3  | Learned a level 5 spell: Manifold Assault
 54395 | Snake:3  | Reached XP level 18. HP: 126/126 MP: 31/31
 55149 | Snake:4  | Entered Level 4 of the Snake Pit
 55622 | Snake:4  | Found Aptuorr's Antique Armour Shop.
 55794 | Snake:4  | Found a gateway to a bazaar.
 55831 | Bazaar   | Entered a bazaar
 55835 | Bazaar   | Found Huce's Jewellery Boutique.
 55906 | Bazaar   | Found Daaprimp's Antique Weapon Emporium.
 55927 | Bazaar   | Found Muam's Antique Weapon Boutique.
 55947 | Bazaar   | Found Wunayd's Antique Armour Shoppe.
 56420 | Snake:4  | Found Ceekib's Armour Boutique.
 56642 | Snake:4  | Found a runed translucent gate.
 56642 | Snake:4  | Found a runed translucent gate.
 56643 | Snake:4  | Found a runed translucent gate.
 56644 | Snake:4  | Noticed Rudyous's ghost (adept HOFi)
 57028 | Snake:4  | Reached skill level 10 in Spellcasting
 57228 | Snake:4  | Reached skill level 15 in Unarmed Combat
 57252 | Snake:4  | Got a serpentine rune of Zot
 57561 | Snake:4  | Found Pinuwamou's Armour Boutique.
 57921 | Snake:4  | Killed Rudyous's ghost
 57956 | Snake:4  | Reached XP level 19. HP: 134/134 MP: 19/33
 58319 | Elf:1    | Entered Level 1 of the Elven Halls
 58321 | Elf:1    | Reached XP level 20. HP: 140/140 MP: 23/34
 58632 | Elf:1    | Paralysed by an air elemental for 1 turns
 59659 | Elf:2    | Found Fuosot Usone's Assorted Antiques.
 59682 | Elf:2    | Bought a scorched pewter ring for 150 gold pieces
 59682 | Elf:2    | Identified the ring "Wuewneis" {Fire rPois rN+ Str+3 Int+3}
                  | (You bought it in a shop on level 2 of the Elven Halls)
 59799 | Elf:2    | Found a runed translucent gate.
 59800 | Elf:2    | Found a runed translucent gate.
 59800 | Elf:2    | Found a runed translucent gate.
 60893 | Vaults:1 | Entered Level 1 of the Vaults
 60933 | Vaults:1 | Reached skill level 10 in Stealth
 61355 | Vaults:1 | Reached XP level 21. HP: 148/148 MP: 13/36
 62275 | Vaults:1 | Noticed Donald
 62282 | Vaults:1 | Killed Donald
 62810 | Vaults:2 | Found a flickering gateway to a bazaar.
 62831 | Bazaar   | Entered a bazaar
 62910 | Bazaar   | Found Zothyqyp's Antique Weapon Boutique.
 62934 | Bazaar   | Found Eliotefa's Book Shoppe.
 62942 | Bazaar   | Found Reisikei's Magic Scroll Shop.
 62945 | Bazaar   | Found Xaomik Doyq's Assorted Antiques.
 62952 | Bazaar   | Found Ryuxaiku's Antique Weapon Emporium.
 63056 | Vaults:2 | Noticed Margery
 63161 | Vaults:2 | Killed Margery
 64175 | Vaults:2 | Noticed Saint Roka
 64203 | Vaults:2 | Killed Saint Roka
 64205 | Vaults:2 | Reached skill level 15 in Fighting
 64782 | Vaults:3 | Found Zuempysu's Distillery.
 64805 | Vaults:3 | Noticed Zenata
 64808 | Vaults:3 | Killed Zenata
 64815 | Vaults:3 | Reached XP level 22. HP: 157/157 MP: 21/38
 65270 | Vaults:3 | Found a staircase to the Crypt.
 66673 | Vaults:4 | Identified the +2 ring mail of Pops {rPois Int+4 Dex+2}
 67447 | Elf:3    | Entered Level 3 of the Elven Halls
 67729 | Elf:3    | Reached XP level 23. HP: 164/164 MP: 20/40
 67822 | Elf:3    | Reached skill level 15 in Dodging
 68048 | Elf:3    | Reached skill level 15 in Stealth
 68087 | Elf:3    | Learned a level 7 spell: Ozocubu's Refrigeration
 68120 | Elf:3    | Identified the +4 mace of Mana {flame, rF- rCorr Str+5
                  | Dex+8}
 68139 | Elf:3    | Identified the +1 halberd of Cuyluja {elec, rElec Str+2
                  | Int-2}
 68166 | Elf:3    | Identified the +0 scimitar of Theory {vorpal, rElec rPois
                  | Dex-5}
 68686 | Elf:3    | Identified the +4 long sword "Xevvojugi" {elec, Str+4}
 68929 | Depths:1 | Entered Level 1 of the Depths
 69907 | Depths:1 | Found a stormy altar of Qazlal.
 69940 | Depths:1 | Found a one-way gateway to a ziggurat.
 70283 | Depths:1 | Found a gateway to Hell.
 70295 | Depths:1 | Identified the +3 demon whip of Red Wine {speed, rElec rF-
                  | Str+6 Dex+3}
 70334 | Depths:2 | Found Aprouzimma's Armour Emporium.
 70715 | Depths:2 | Noticed a caustic shrike
 70720 | Depths:2 | Killed a caustic shrike
 70720 | Depths:2 | Noticed a golden dragon
 70732 | Depths:2 | Noticed a juggernaut
 70735 | Depths:2 | Killed a golden dragon
 70775 | Depths:2 | HP: 4/215 [deep troll earth mage (illusionary)/Lee's Rapid
                  | Deconstruction (36)]
 71294 | Depths:2 | Killed a juggernaut
 71632 | Depths:2 | Found a one-way gate leading to the halls of Pandemonium.
 71642 | Depths:2 | Reached XP level 24. HP: 173/173 MP: 16/40
 71949 | Depths:3 | Noticed a caustic shrike
 71952 | Depths:3 | Killed a caustic shrike
 71960 | Depths:3 | Found a runed translucent door.
 71961 | Depths:3 | Found a runed translucent door.
 72008 | Depths:3 | Found a runed translucent door.
 72017 | Depths:3 | Found a runed translucent door.
 72693 | Depths:3 | Found a shadowy altar of Dithmenos.
 72835 | Depths:3 | Found a one-way gate to the infinite horrors of the Abyss.
 73485 | Depths:4 | Entered Level 4 of the Depths
 73687 | Depths:4 | Found Pyicw's Antique Armour Emporium.
 73690 | Depths:4 | Found Lausi's Assorted Antiques.
 73690 | Depths:4 | Found Urith's Antique Armour Shop.
 73691 | Depths:4 | Found Joih Lui's Magic Scroll Boutique.
 73691 | Depths:4 | Found Agawoseu's Antique Weapon Emporium.
 73710 | Depths:4 | Bought a scorched pewter amulet for 175 gold pieces
 73710 | Depths:4 | Identified the amulet of Fragile Peace {Faith Harm Rampage
                  | rF- rC+} (You bought it in a shop on level 4 of the Depths)
 73736 | Depths:4 | Reached skill level 10 in Ice Magic
 74009 | Depths:4 | Identified the +6 war axe "Resuroc" {venom, *Noise rElec
                  | rPois Int+6}
 74202 | Depths:4 | Found a gate to the Realm of Zot.
 74814 | Crypt:1  | Entered Level 1 of the Crypt
 76395 | Crypt:3  | Entered Level 3 of the Crypt
 76395 | Crypt:3  | Noticed Bai Suzhen
 76399 | Crypt:3  | Reached XP level 25. HP: 181/181 MP: 36/41
 76406 | Crypt:3  | Killed Bai Suzhen
 76951 | Crypt:3  | Found a staircase to the Tomb.
 77177 | Crypt:3  | Found an ancient bone altar of Kikubaaqudgha.
 77406 | Crypt:3  | Got the Compilation of Macabre Filth
 77499 | Crypt:3  | Reached skill level 15 in Spellcasting
 77935 | Crypt:3  | Got the Lectures on Wicked Secrets
 78224 | Vaults:5 | Entered Level 5 of the Vaults
 78318 | Vaults:5 | Noticed a dread lich
 78325 | Vaults:5 | Killed a dread lich
 78333 | Vaults:5 | Noticed an ancient lich
 78618 | Vaults:5 | Reached XP level 26. HP: 91/189 MP: 36/42
 78908 | Vaults:5 | Identified the ring "Wairgh" {Slay+2 SInv}
 78951 | Vaults:5 | Identified the +1 dagger "Hydra's Death Toll" {drain, Will+
                  | Int+3 SInv}
 78953 | Vaults:5 | Got the Commentary on the Alluring Spider
 78979 | Vaults:5 | Identified the ring "Luiweimu" {Ice *Corrode Dex+4 Slay+3
                  | SInv}
 79001 | Vaults:5 | Killed an ancient lich
 79161 | Vaults:5 | Noticed a dread lich
 79324 | Vaults:5 | Killed a dread lich
 79668 | Vaults:5 | Found Unnosm's Distillery.
 80241 | Vaults:5 | Got a silver rune of Zot
 80654 | Zot:1    | Entered Level 1 of the Realm of Zot
 81113 | Zot:1    | Found a runed translucent gate.
 81113 | Zot:1    | Found a runed translucent gate.
 81114 | Zot:1    | Found a runed translucent gate.
 81762 | Zot:1    | Noticed wingedge's ghost (veteran DgIE)
 81762 | Zot:1    | Noticed Cyqimiab's ghost (legendary MfGl)
 81777 | Zot:1    | Killed wingedge's ghost
 81779 | Zot:1    | Killed Cyqimiab's ghost
 82923 | Zot:3    | Noticed a Killer Klown
 82936 | Zot:3    | Killed a Killer Klown
 84026 | Zot:4    | Identified the +4 scimitar "Miaceuda" {vorpal, rN+ Dex+3}
 84037 | Zot:4    | Acquired a book of Transfigurations
 84352 | Zot:4    | Identified the +7 hand axe of Hatred {protect, rC+}
 84520 | Zot:4    | Reached XP level 27. HP: 198/198 MP: 23/43
 84746 | Zot:4    | Identified the +1 leather armour "Dueherue" {Contam Rampage
                  | Regen+}
 84762 | Zot:4    | Learned a level 4 spell: Iskenderun's Mystic Blast
 84767 | Zot:4    | Learned a level 4 spell: Summon Lightning Spire
 84775 | Zot:4    | Learned a level 7 spell: Dragon Form
 85063 | Zot:5    | Entered Level 5 of the Realm of Zot
 85614 | Zot:5    | Noticed an ancient lich
 85619 | Zot:5    | Killed an ancient lich
 85624 | Zot:5    | Noticed an ancient lich
 85634 | Zot:5    | Noticed an orb of fire
 85732 | Zot:5    | Noticed an orb of fire
 85739 | Zot:5    | Killed an orb of fire
 85758 | Zot:5    | Noticed an ancient lich
 85763 | Zot:5    | Killed an ancient lich
 85777 | Zot:5    | Noticed a dread lich
 85779 | Zot:5    | Killed a dread lich
 87066 | Slime:1  | Entered Level 1 of the Pits of Slime
 89963 | Slime:5  | Entered Level 5 of the Pits of Slime
 90452 | Slime:5  | Noticed the Royal Jelly
 91135 | Slime:5  | Killed the Royal Jelly
 91263 | Slime:5  | Found the +4 moon troll leather armour {Spirit, Regen++
                  | MP+5}
 91269 | Slime:5  | Got a slimy rune of Zot
 91375 | Slime:5  | Identified the +0 pair of gloves of Classification {rPois
                  | rCorr}
 92210 | Vaults:3 | Bought a potion of magic for 96 gold pieces
 92210 | Vaults:3 | Bought a potion of magic for 96 gold pieces
 92210 | Vaults:3 | Bought a potion of brilliance for 48 gold pieces
 92210 | Vaults:3 | Bought 2 potions of heal wounds for 120 gold pieces
 92589 | Snake:2  | Bought 2 potions of invisibility for 192 gold pieces
 92589 | Snake:2  | Bought a potion of resistance for 120 gold pieces
 92890 | Depths:3 | Voluntarily entered the Abyss.
 93089 | Abyss:2  | Found a corrupted altar of Lugonu.
 94450 | Abyss:2  | Found a corrupted altar of Lugonu.
 94854 | Abyss:3  | Paralysed by an air elemental for 1 turns
 95453 | Abyss:3  | Noticed a dread lich
 95459 | Abyss:3  | Killed a dread lich
 95815 | Abyss:3  | Noticed an ancient lich
 95827 | Abyss:3  | Killed an ancient lich
 95832 | Abyss:3  | Got an abyssal rune of Zot
 95842 | Depths:3 | Escaped the Abyss
 96100 | Pan      | Entered Pandemonium
 96754 | Pan      | Noticed Coudghida the pandemonium lord
 96757 | Pan      | Killed Coudghida the pandemonium lord
 97124 | Pan      | Entered the realm of Cerebov.
 97298 | Pan      | Identified the +5 broad axe of Distant Shores {distort, rF-
                  | Will+ Str+4 Dex+4 Stlth+}
 97873 | Pan      | Identified the +7 scimitar of Wyrd {speed, Drain rPois rC+
                  | Int+4}
 97937 | Pan      | Found the +6 sword of Cerebov {flame}
 97937 | Pan      | Noticed Cerebov
 97945 | Pan      | Killed Cerebov
 98027 | Pan      | Got Quosokk's Catalogue of Charged Terrain
 98032 | Pan      | Identified the +7 plate armour of the Sky {rC+++ Dex-2
                  | Slay-3 SInv}
 98054 | Pan      | Identified the +10 rapier of the Peculiar Mice {vorpal,
                  | rPois rN+ rCorr}
 98055 | Pan      | Identified the +1 pair of gloves of Qeshray {Contam rF++}
 98056 | Pan      | Identified the +7 dagger "Tunientu" {vorpal, Contam rElec
                  | Will+ rCorr}
 98067 | Pan      | Got a fiery rune of Zot
 98079 | Pan      | Identified the +3 ring mail "Awalomio" {rF+}
 98126 | Pan      | Identified the +0 pair of boots of Pufygam {Will++ rCorr
                  | Str-4}
 98130 | Pan      | Identified the +5 chain mail "Amyp" {rN+}
 98450 | Pan      | Identified the +7 longbow of the King {flame, rPois Int+3}
 98454 | Pan      | Identified the +8 great sword of World's End {protect,
                  | Str+2}
 98454 | Pan      | Noticed a seraph
 98485 | Pan      | Found a glowing golden altar of the Shining One.
 98494 | Pan      | Identified the +3 mace of Plog {vorpal, Dex+4}
 98496 | Pan      | Got a demonic rune of Zot
 98503 | Pan      | Got Fugockuofo's Treatise on Cold and Bedrock
 99115 | Pan      | Identified the +10 longbow of Diet Blood {vorpal, SInv}
 99129 | Pan      | Found a white marble altar of Elyvilon.
 99670 | Pan      | Identified the +0 buckler of the Gloaming {Int+6}
 99672 | Pan      | Noticed Newkoame the pandemonium lord
 99679 | Pan      | Killed Newkoame the pandemonium lord
100922 | Pan      | Noticed Mennas
100934 | Pan      | Killed Mennas
101109 | Pan      | Entered the realm of Mnoleg.
101261 | Pan      | Reached skill level 1 in Fire Magic
101680 | Pan      | Reached skill level 5 in Fire Magic
101991 | Pan      | Learned a level 8 spell: Ignition
103793 | Pan      | Reached skill level 10 in Fire Magic
105035 | Pan      | Gained mutation: You occasionally lose the ability to read
                  | scrolls when taking damage. [a neqoxec]
105040 | Pan      | Lost mutation: You occasionally lose the ability to read
                  | scrolls when taking damage. [potion of mutation]
105040 | Pan      | Lost mutation: Your spells are a little harder to cast, but
                  | a little more powerful. [potion of mutation]
105040 | Pan      | Gained mutation: You are highly strong-willed. (Will++)
                  | [potion of mutation]
105040 | Pan      | Gained mutation: You are partially covered in iridescent
                  | scales. (AC +2) [potion of mutation]
105709 | Pan      | Gained mutation: You are extremely strong-willed. (Will+++)
                  | [a neqoxec]
106542 | Pan      | Noticed Mnoleg
106550 | Pan      | Killed Mnoleg
106561 | Pan      | Got a glowing rune of Zot
106695 | Pan      | Found a huge runed translucent gate.
106705 | Pan      | Found a huge runed translucent gate.
106706 | Pan      | Found a huge runed translucent gate.
106706 | Pan      | Found a huge runed translucent gate.
106706 | Pan      | Found a huge runed translucent gate.
106706 | Pan      | Found a huge runed translucent gate.
106707 | Pan      | Found a huge runed translucent gate.
106717 | Pan      | Noticed Feukk the pandemonium lord
106724 | Pan      | Killed Feukk the pandemonium lord
107290 | Pan      | Reached skill level 15 in Fire Magic
107526 | Pan      | Noticed Etevak the pandemonium lord
107530 | Pan      | Killed Etevak the pandemonium lord
107547 | Pan      | Identified the +9 quick blade of Fimbulwinter {elec, rF+
                  | Int-5 Dex+5}
107596 | Pan      | Entered the realm of Gloorx Vloq.
108187 | Pan      | Noticed Gloorx Vloq
108195 | Pan      | Killed Gloorx Vloq
108345 | Pan      | Got a dark rune of Zot
109125 | Pan      | Entered the realm of Lom Lobon.
110187 | Pan      | Noticed Lom Lobon
110271 | Pan      | Killed Lom Lobon
110479 | Pan      | Got a magical rune of Zot
110751 | Depths:3 | Escaped Pandemonium
110859 | Hell     | Entered the Vestibule of Hell
110862 | Hell     | Noticed Geryon
110870 | Hell     | Killed Geryon
110888 | Hell     | Gained mutation: You occasionally lose the ability to read
                  | scrolls when taking damage. [a cacodemon]
111232 | Hell     | Found a gateway to the freezing wastes of Cocytus.
111637 | Hell     | Found a gateway to the Iron City of Dis.
112271 | Hell     | Found a gateway to the ashen valley of Gehenna.
112307 | Hell     | Found a gateway to the decaying netherworld of Tartarus.
112482 | Tar:1    | Entered Level 1 of Tartarus
112495 | Tar:1    | Reached skill level 10 in Translocations
112618 | Tar:1    | Noticed a dread lich
112628 | Tar:1    | Killed a dread lich
114333 | Tar:7    | Entered Level 7 of Tartarus
114484 | Tar:7    | Noticed the Serpent of Hell
114515 | Tar:7    | Killed the Serpent of Hell
115165 | Tar:7    | Noticed Ereshkigal
115388 | Tar:7    | Noticed a dread lich
115391 | Tar:7    | Noticed a dread lich
115395 | Tar:7    | Killed a dread lich
115397 | Tar:7    | Killed a dread lich
115400 | Tar:7    | Noticed a dread lich
115401 | Tar:7    | Killed a dread lich
115439 | Tar:7    | Got Simple Sorcery
115441 | Tar:7    | Identified the +7 shortbow of Regicide {flame, rN+ Dex+3}
116285 | Tar:7    | Killed Ereshkigal
116357 | Tar:7    | Got a bone rune of Zot
116562 | Geh:1    | Entered Level 1 of Gehenna
117295 | Geh:3    | Noticed a dread lich
117299 | Geh:3    | Killed a dread lich
118268 | Geh:5    | You fall into a shaft and drop 1 floor!
118607 | Geh:6    | Reached skill level 10 in Earth Magic
118732 | Geh:7    | Entered Level 7 of Gehenna
119399 | Geh:7    | Identified the +7 morningstar of the Pill Bug {vamp, Int+5}
119569 | Geh:7    | Reached skill level 15 in Transmutations
119580 | Geh:7    | Found the +7 sceptre of Asmodeus
119580 | Geh:7    | Noticed Asmodeus
119596 | Geh:7    | Killed Asmodeus
119633 | Geh:7    | Got an obsidian rune of Zot
119850 | Coc:1    | Entered Level 1 of Cocytus
123169 | Coc:7    | Entered Level 7 of Cocytus
123911 | Coc:7    | Identified the amulet of Huzetymp {Spirit rF+ Dex+4}
124927 | Coc:7    | Identified the +5 chain mail of Inviolability {Harm rF+
                  | Int+3 Dex-2}
125529 | Coc:7    | Noticed Antaeus
125551 | Coc:7    | Killed Antaeus
125804 | Coc:7    | Got an icy rune of Zot
125983 | Hell     | Lost mutation: You occasionally lose the ability to read
                  | scrolls when taking damage. [potion of mutation]
125983 | Hell     | Lost mutation: You are extremely strong-willed. (Will+++)
                  | [potion of mutation]
125983 | Hell     | Lost mutation: You are partially covered in iridescent
                  | scales. (AC +2) [potion of mutation]
125983 | Hell     | Gained mutation: You occasionally lose the ability to read
                  | scrolls when taking damage. [potion of mutation]
125984 | Hell     | Lost mutation: You occasionally lose the ability to read
                  | scrolls when taking damage. [potion of mutation]
125984 | Hell     | Lost mutation: You are highly strong-willed. (Will++)
                  | [potion of mutation]
125984 | Hell     | Gained mutation: You are covered in fur. (AC +1) [potion of
                  | mutation]
125984 | Hell     | Gained mutation: You passively map a small area around you.
                  | [potion of mutation]
125984 | Hell     | Gained mutation: One of your tentacles bears a spike.
                  | [potion of mutation]
125987 | Dis:1    | Entered Level 1 of the Iron City of Dis
126560 | Dis:3    | Reached skill level 15 in Earth Magic
127334 | Dis:5    | Noticed an ancient lich
127761 | Dis:7    | Entered Level 7 of the Iron City of Dis
128162 | Dis:7    | Noticed a juggernaut
128164 | Dis:7    | Found the +9 staff of Wucad Mu {*channel}
128167 | Dis:7    | Killed a juggernaut
128184 | Dis:7    | Identified the +4 hand axe of Radicalism {venom, rElec
                  | Str-4 Dex+8}
129253 | Dis:7    | Noticed a juggernaut
129257 | Dis:7    | Killed a juggernaut
129263 | Dis:7    | Found the +4 staff of Dispater
129263 | Dis:7    | Noticed Dispater
129271 | Dis:7    | Killed Dispater
129305 | Dis:7    | Got an iron rune of Zot
129875 | Tomb:1   | Entered Level 1 of the Tomb of the Ancients
130769 | Tomb:2   | Noticed a royal mummy
130769 | Tomb:2   | Noticed a royal mummy
130769 | Tomb:2   | Noticed a royal mummy
130769 | Tomb:2   | Noticed a royal mummy
131282 | Tomb:2   | Learned a level 5 spell: Lee's Rapid Deconstruction
131660 | Tomb:3   | Entered Level 3 of the Tomb of the Ancients
131672 | Tomb:3   | Noticed a royal mummy
131675 | Tomb:3   | Killed a royal mummy
131679 | Tomb:3   | Noticed a royal mummy
131684 | Tomb:3   | Noticed a royal mummy
131688 | Tomb:3   | Noticed a royal mummy
131691 | Tomb:3   | Killed a royal mummy
131707 | Tomb:3   | Noticed a royal mummy
131723 | Tomb:3   | Noticed a royal mummy
131754 | Tomb:3   | Noticed a royal mummy
131821 | Tomb:3   | Noticed a royal mummy
131923 | Tomb:3   | Identified the ring "Naeklof" {rPois rF+ Str+4 Dex+3}
131927 | Tomb:3   | Identified the +9 great sword of Dyzutime {vorpal, Int+4}
131934 | Tomb:3   | Identified the +6 scale mail of Eghepsoo {Regen+ Slay+2}
131935 | Tomb:3   | Identified the +4 flail "Yfyoteig" {drain, Dex+7}
131966 | Tomb:3   | Identified the +1 pair of gloves of the Ghostly God {Harm
                  | Fly rF- Int+9}
132303 | Tomb:3   | Got a golden rune of Zot
133062 | Zot:5    | Got the Orb of Zot
133738 | D:$      | Escaped with the Orb!

Illustrated notes

Levels and vault maps discovered:
D:1:      kilobyte_arrival_exit_the_forest, layout_loops_ring, serial_shops,
          nicolae_shop_waterfront, basic_ecumenical_altar
D:2:      layout_loops_cross, grunt_ministairs_6, nrook_uturn
D:3:      minmay_spotlight, layout_rooms
D:4:      layout_basic, nicolae_elyvilon_peaceful_grove,
          mainiacjoe_overflow_alcove_1, lemuel_temple_firewalk_a
D:5:      layout_cave_pods, nicolae_gozag_seed_capital, lemuel_doored_altar,
          mainiacjoe_overflow_chevrons, feat_on_display
D:6:      layout_cave_pods, minmay_misc_feat_tiny
D:7:      minmay_clustersquares, layout_layer_cave,
          mainiacjoe_overflow_boulevard, xom_shifter_show,
          minmay_misc_feat_roman
D:8:      minmay_thinvault, layout_loops_ring,
          mainiacjoe_overflow_small_starburst, zin_scriptorium,
          david_lair_generic
D:9:      layout_rooms, nicolae_ru_great_annihilating_truth,
          gammafunk_temple_overflow_pools, gammafunk_ghost_ooze, uniq_pikel
D:10:     layout_basic, minmay_tree_intersection
D:11:     layout_basic, serial_bayou, serial_bayou_lake_a, serial_bayou_pond_d,
          serial_bayou_lagoon_a, serial_bayou_pond_b
D:12:     layout_loops_corners, david_orc_1_choice, serial_rivers,
          chequers_serial_rivers_small_a, chequers_serial_rivers_room_a,
          chequers_serial_rivers_large_a, chequers_serial_rivers_micro_a,
          chequers_serial_rivers_small_b, dancing_weapons_uskayaw
D:13:     layout_roguey, grunt_vaults_entry_tiered, nrook_loot_triangle,
          uniq_azrael
D:14:     layout_gridville, gammafunk_ghost_wrathful_warriors,
          nicolae_figureground_pulse
D:15:     hangedman_depths_entry_civil_slaughter, layout_cave_pools,
          chequers_serial_rivers_marsh, hellmonk_ghost_happy_afterlife,
          uniq_agnes, uniq_kirke, uniq_jorgrun
Temple:   hellmonk_temple_rainy
Lair:1:   layout_long_grid
Lair:2:   layout_hall_layers, minmay_shoals_entry_hut
Lair:3:   layout_long_grid, guppyfry_snake_entry_garden, lemuel_fruit_fields
Lair:4:   layout_hall_layers, minmay_slime_entry_oklob_enclosed
Lair:5:   grunt_lair_end_beastmaster, layout_regular_city
Shoals:1: layout_shoals
Shoals:2: layout_shoals, nicolae_stop_n_shop_2
Shoals:3: layout_shoals, nicolae_shop_clearance, uniq_nikola
Shoals:4: shoals_end_hellmonk_storm_palace [storm_palace_center_square,
          storm_palace_corner_pillars, storm_palace_corner_altar,
          storm_palace_corner_blocked, storm_palace_corner_grid]
Snake:1:  layout_chambers, nicolae_snake_gridmaze_squiggle, uniq_aizul
Snake:2:  layout_misc_corridors, serial_shops, shop, st_stairs_6
Snake:3:  layout_layer_cave, grunt_ministairs_8
Snake:4:  snake_pit_salamanders_mu, layout_layer_cave, serial_shops, statue_bzr,
          shop_statue, nicolae_shop_statue_plus, shop,
          gammafunk_ghost_necromancy, nicolae_snake_salamander_zone
Slime:1:  layout_caves
Slime:2:  cheibrodos_slime_lost_civilization_1, layout_caves,
          cheibrodos_slime_lost_civilization_4
Slime:3:  layout_caves
Slime:4:  layout_caves
Slime:5
Orc:1:    layout_caves, serial_shops, shop, shop, uniq_erolcha
Orc:2:    st_orc_rangers, layout_caves, enter_volcano_2, serial_shops, shop,
          mines2_lemuel
Elf:1:    minmay_the_grid_3x2 [minmay_the_grid_x, minmay_the_grid_holed_spiral,
          minmay_the_grid_armoury, minmay_the_grid_outer_diamond,
          minmay_the_grid_outer_circle, minmay_the_grid_prize_big_room],
          layout_geoelf_grid, hangedman_elf_represent, columned_hall_lemuel
Elf:2:    nicolae_elf_blades_crystal_corner, layout_onion_city, serial_shops,
          shop_coins, serial_sigils_hangedman_scar
Elf:3:    minmay_elf_hall_curves, layout_onion_city, minivault_28
Vaults:1: grunt_vaults_hallway_short, v_misc_22,
          ontoclasm_vaults_claustrophobia, nicolae_vaults_gold_heap,
          nicolae_vaults_murderbox, v_pattern_3, ontoclasm_vaults_spin,
          vaults_room_door_hall, v_misc_3, nicolae_vaults_network_s,
          layout_vaults_big_room, uniq_donald
Vaults:2: vaults_dpeg_ring, v_misc_17, v_misc_1, ontoclasm_vaults_bender,
          layout_vaults_omnigrid, serial_shops, bzr_in_the_mist, uniq_margery,
          uniq_saint_roka
Vaults:3: grunt_vaults_diagonal, nicolae_vaults_network_quinsquares
          [nicolae_vaults_network_quincunx_subvault,
          nicolae_vaults_network_quincunx_subvault,
          nicolae_vaults_network_quincunx_subvault,
          nicolae_vaults_network_quincunx_subvault], v_misc_11,
          vaults_room_guarded_vault, v_alt_pattern_6, ontoclasm_vaults_chip,
          nicolae_vaults_what_the_h, v_rooms_1,
          minmay_crypt_entry_simple_sparse, vaults_room_fancy_cross,
          nicolae_vaults_angled_halls, ontoclasm_vaults_twist,
          vaults_mumra_chevron, layout_vaults_maze_bifur, serial_shops,
          nicolae_shop_temple_entry_statues_fountains, uniq_zenata
Vaults:4: nicolae_vaults_border_crossing, v_misc_9, vaults_room_glass_cross,
          grunt_vaults_hallway_short, nicolae_vaults_little_squares_2,
          vaults_room_semicircle, vaults_room_fours,
          hangedman_vaults_river_flow, vaults_dpeg_doors, layout_vaults_omnibox
Vaults:5
Crypt:1:  layout_misc_corridors
Crypt:2:  layout_chaotic_city, grunt_megastairs_3
Crypt:3:  church_of_pain_bobbens, layout_chaotic_city, uniq_bai_suzhen
Tomb:1
Tomb:2
Tomb:3
Depths:1: layout_cave_pools, enter_ziggurat_f, hellmouth_1,
          hangedman_abyss_or_decor_jellyfish_corner, nicolae_wwwww,
          nicolae_qazlal_eye_of_the_storm
Depths:2: minmay_triangles_in_corner, layout_gridlike, rand_demon_pan_entry_9,
          serial_shops, shop, hell_entry, minmay_misc_feat_tower, chequers_jeans
Depths:3: impenetrable_vault, layout_honeycomb, grunt_hell_entry_dis_mu,
          abyss_entry, rand_demon_pan_entry_4, minmay_misc_feat_hallway,
          grunt_dithmenos_smoke_and_mirrors
Depths:4: evilmike_zot_entry_gauntlet, layout_cave_pools,
          rand_demon_pan_entry_1, hell_entry, nicolae_wooded_promenade,
          grunt_decor_one_mirror
Hell
Dis:1:    layout_gridville
Dis:2:    layout_subdivisions
Dis:3:    nicolae_hells_demon_pit, layout_gridville
Dis:4:    layout_gridville
Dis:5:    nicolae_dis_pentagon_1, layout_overlapping_boxes,
          minmay_strange_pillars
Dis:6:    layout_subdivisions, minmay_strange_pillars
Dis:7:    dis_st
Geh:1:    nicolae_geh_split_lavaduct, layout_gehenna_lava_caves
Geh:2:    layout_gehenna_lava_caves
Geh:3:    layout_gehenna_pools_basic
Geh:4:    layout_gehenna_lava_caves, nicolae_geh_single_fiery_grave
Geh:5:    layout_gehenna_pools_basic, lemuel_flamethrower_3
Geh:6:    layout_gehenna_lava_caves
Geh:7:    evilmike_geh
Coc:1:    layout_cocytus_water_paths, serial_ice
Coc:2:    layout_cocytus_water_paths, nicolae_coc_statues_of_limitations
Coc:3:    layout_cocytus_water_paths
Coc:4:    layout_cocytus_water_paths
Coc:5:    layout_cocytus_water_paths
Coc:6:    layout_ice_bergs
Coc:7:    coc_mu
Tar:1:    layout_grid_maze, nicolae_tar_combstack
Tar:2:    layout_grid_maze
Tar:3:    layout_cathedral_of_symmetry
Tar:4:    layout_grid_maze
Tar:5:    layout_catacombs, nicolae_tar_cuneiform_two
Tar:6:    layout_catacombs
Tar:7:    tar_old
Zot:1:    layout_basic, gammafunk_ghost_cemetery
Zot:2:    layout_misc_corridors, lemuel_baited_zot_trap
Zot:3:    layout_gridlike
Zot:4:    layout_cellular_growth
Zot:5:    layout_gridlike, grunt_ministairs_10

Skill      XL: |  1  2  3  4  5  6  7  8  9 10 11 12 13 14 15 16 17 18 19 20 21 22 23 24 25 26 27 |
---------------+----------------------------------------------------------------------------------+-----
Throwing       | 1 2 3 |  3.0
Transmutations | 3 4 5 7 9 10 11 12 13 20 | 20.2
Ice Magic      | 2 3 5 8 11 12 | 12.8
Unarmed Combat | 4 5 6 8 9 10 11 12 13 15 16 18 19 20 21 22 23 25 | 25.2
Summonings     | 1 |  1.0
Conjurations   | 2 |  2.4
Fighting       | 2 4 5 7 8 9 10 11 12 13 14 15 16 17 18 25 | 25.7
Air Magic      | 2 |  2.1
Dodging        | 4 6 7 8 9 10 11 12 13 14 15 16 20 | 20.0
Spellcasting   | 3 4 6 7 9 10 11 12 13 14 15 16 25 | 25.1
Evocations     | 2 6 9 10 12 13 | 13.2
Translocations | 2 4 6 8 13 | 13.0
Earth Magic    | 6 8 18 | 18.1
Shields        | 4 7 8 |  8.7
Stealth        | 5 7 10 12 14 15 17 23 | 23.5
Fire Magic     | 21 | 21.5

Action                   |  1- 3 |  4- 6 |  7- 9 | 10-12 | 13-15 | 16-18 | 19-21 | 22-24 | 25-27 || total
-------------------------+-------+-------+-------+-------+-------+-------+-------+-------+-------++-------
Melee: Unarmed           |    74 |    77 |   195 |   481 |   870 |   708 |   552 |   956 |  4152 ||  8065
       Constrict         |    17 |    18 |    11 |     4 |    49 |   121 |    46 |   120 |   207 ||   593
       Kick              |    20 |    15 |    23 |     2 |       |       |       |       |   105 ||   165
       Tentacles         |    12 |    14 |    27 |     7 |    60 |   150 |    63 |   197 |   473 ||  1003
       Punch             |       |     2 |     5 |     1 |    18 |    62 |    26 |   143 |   362 ||   619
Throw: Dart              |     2 |       |    17 |    16 |     8 |       |       |       |       ||    43
       Stone             |       |    15 |    19 |     5 |       |       |       |       |       ||    39
       Boomerang         |       |       |       |       |    11 |    19 |       |       |       ||    30
 Cast: Beastly Appendage |    24 |    20 |    20 |     3 |       |       |       |       |       ||    67
       Wereblood         |       |     5 |    10 |    10 |     7 |       |       |       |       ||    32
       Summon Small Mamm |       |     1 |     6 |     4 |     4 |       |       |       |       ||    15
       Ice Form          |       |       |    15 |    57 |    65 |       |       |       |       ||   137
       Shock             |       |       |    90 |    30 |    54 |       |       |       |       ||   174
       Airstrike         |       |       |       |     7 |    53 |     7 |       |       |       ||    67
       Blink             |       |       |       |       |     8 |     1 |     1 |       |       ||    10
       Statue Form       |       |       |       |       |    19 |    88 |    47 |    56 |   246 ||   456
       Irradiate         |       |       |       |       |       |     8 |     3 |    11 |    16 ||    38
       Manifold Assault  |       |       |       |       |       |    41 |    97 |    97 |  1362 ||  1597
       Swiftness         |       |       |       |       |       |     1 |       |     1 |       ||     2
       Ozocubu's Refrige |       |       |       |       |       |       |       |       |     1 ||     1
       Ignition          |       |       |       |       |       |       |       |       |    28 ||    28
       Lee's Rapid Decon |       |       |       |       |       |       |       |       |     3 ||     3
       Summon Lightning  |       |       |       |       |       |       |       |       |     2 ||     2
Invok: Call Merchant     |       |       |       |     2 |     2 |       |       |       |     1 ||     5
       Bribe Branch      |       |       |       |       |       |       |       |       |    15 ||    15
 Abil: End Transformatio |       |       |       |       |       |       |       |     9 |     7 ||    16
Evoke: Wand              |       |       |       |     2 |    13 |       |       |       |     9 ||    24
       Box of beasts     |       |       |       |       |       |     1 |       |       |     8 ||     9
       Phantom mirror    |       |       |       |       |       |       |     1 |     1 |    10 ||    12
  Use: Scroll            |       |     4 |     4 |    16 |    22 |     7 |     4 |     7 |    33 ||    97
       Potion            |       |       |     5 |     5 |       |     6 |       |     3 |    39 ||    58
 Stab: Sleeping          |     7 |     4 |       |     1 |     8 |    41 |    52 |    50 |    70 ||   233
       Invisible         |       |       |     1 |     1 |       |       |       |       |       ||     2
       Paralysed         |       |       |       |     1 |       |       |       |       |       ||     1
       Distracted        |       |       |       |     1 |     4 |     7 |     6 |    13 |    89 ||   120
       Confused          |       |       |       |       |       |       |       |       |     1 ||     1
Armor: Skin              |     8 |     2 |    40 |   105 |   222 |   483 |   135 |   309 |   747 ||  2051
Dodge: Dodged            |    41 |    38 |    81 |   250 |   597 |   664 |   245 |   612 |  1453 ||  3981
Block: Buckler           |       |       |       |       |   120 |   343 |   138 |   285 |   621 ||  1507
